 Dungeon Crawl Stone Soup version 0.18-a0-1121-gb454403 (webtiles) character file.

159 Trivium the Skirmisher (level 5, -3/47 HPs)
             Began as a Hill Orc Fighter on Jan 18, 2016.
             Slain by an ogre
             ... wielding a +0 giant spiked club
              (9 damage)
             ... on level 3 of the Dungeon.
             The game lasted 00:02:19 (1512 turns).

Trivium the Skirmisher (Hill Orc Fighter)           Turns: 1512, Time: 00:02:19

Health: -3/47      AC:  8    Str: 25    XL:     5   Next: 40%
Magic:  5/5        EV: 11    Int: 13    God:
Gold:   104        SH: 10    Dex: 10    Spells: 0 memorised, 4 levels left

rFire  . . .     SeeInvis .     a - +0 war axe
rCold  . . .     Gourm    .     b - +0 scale mail
rNeg   . . .     Faith    .     c - +0 shield
rPois  .         Spirit   .     (no helmet)
rElec  .         Dismiss  .     (no cloak)
rCorr  .         Reflect  .     s - +0 pair of gloves
SustAt .         Harm     .     (no boots)
MR     .....                    (no amulet)
Stlth  ..........               (no ring)
                                l - +3 ring of evasion

@: mighty, brilliant, flying, drained, not resistant to hostile enchantments,
extremely unstealthy
A: no striking features
a: no special abilities


You were on level 3 of the Dungeon.
You were not hungry.

You visited 1 branch of the dungeon, and saw 3 of its levels.

You collected 104 gold pieces.

Inventory:

Hand Weapons
 a - a +0 war axe (weapon)
Armour
 b - a +0 scale mail (worn)
 c - a +0 shield (worn)
 s - a +0 pair of gloves (worn)
Jewellery
 l - a +3 ring of evasion (left hand)
Wands
 u - a wand of slowing (26/48)
Scrolls
 e - 2 scrolls of fog {unknown}
 g - a scroll of teleportation {unknown}
 h - a scroll of amnesia {unknown}
 j - a scroll of enchant weapon {unknown}
 o - a scroll of remove curse {unknown}
 p - 2 scrolls of identify {unknown}
 r - a scroll of recharging {unknown}
 v - a scroll of blinking {unknown}
Comestibles
 f - a bread ration
 i - a beef jerky
 k - 2 meat rations
 t - a royal jelly


   Skills:
 + Level 4.7(4.5) Fighting
 + Level 4.0(3.8) Axes
 + Level 4.0(3.8) Armour
 + Level 1.2(1.0) Dodging
 + Level 4.2(4.0) Shields


You had 4 spell levels left.
You didn't know any spells.

Dungeon Overview and Level Annotations

Branches:
Dungeon (3/15)

Altars:
Ashenzari


Message History

* * * LOW HITPOINT WARNING * * *
Drink which item? (? for menu, Esc to quit)
It was a potion of flight.
You feel very buoyant.
You fly up into the air.
The giant gecko bites you.
* * * LOW HITPOINT WARNING * * *
Drink which item? (? for menu, Esc to quit)
You feel very mighty all of a sudden. The giant gecko closely misses you.
Your scale mail prevents you from hitting the giant gecko.
The giant gecko is almost dead.
The giant gecko bites you but does no damage. x2
Unknown command.
You slash the giant gecko!
You kill the giant gecko!
Your base Axes skill increases to level 4!
Your shield and scale mail prevent you from hitting the ogre.
The ogre is moderately wounded.
The ogre hits you with a giant spiked club!
You die...

##....... %.......####
...........# .........#
........# #......# #..††..#
#O# #@# #######.## ###
#........# ..# #........#
..# #........# ####### ..#
#........## #.....# ..#
#.........###.###.#
..########.........'...# #.#
...................#######.#


You could see an ogre.

Vanquished Creatures
  Natasha (thrice) (D:2)
  2 adders (D:2)
  A worm (D:2)
  2 giant geckos
  3 orcs (D:3)
  3 giant cockroaches (D:1)
  5 goblins
  7 hobgoblins
  12 jackals (D:1)
  A quokka (D:2)
  4 bats
  3 giant newts
  5 kobolds (D:2)
  7 rats
58 creatures vanquished.

Notes
Turn   | Place    | Note
--------------------------------------------------------------
     0 | D:1      | Trivium the Hill Orc Fighter began the quest for the Orb.
     0 | D:1      | Reached XP level 1. HP: 19/19 MP: 1/1
   208 | D:1      | Reached XP level 2. HP: 22/27 MP: 2/2
   271 | D:1      | Reached skill level 4 in Fighting
   537 | D:1      | Reached XP level 3. HP: 22/33 MP: 3/3
   870 | D:2      | Found a shattered altar of Ashenzari.
   914 | D:2      | Noticed Natasha
   921 | D:2      | Killed Natasha
   921 | D:2      | Reached XP level 4. HP: 31/40 MP: 4/4
  1023 | D:2      | Noticed Natasha
  1029 | D:2      | Killed Natasha
  1029 | D:2      | Reached skill level 1 in Dodging
  1071 | D:2      | Reached XP level 5. HP: 47/47 MP: 5/5
  1072 | D:2      | Noticed Natasha
  1079 | D:2      | Killed Natasha
  1498 | D:3      | Noticed an ogre
  1512 | D:3      | Slain by an ogre

Vault maps used:
D:1:      lightli_arrival_isolated_outpost, kennysheep_decorative_pillar,
          hangedman_decor_clover_reticule
D:2:      ashenzari_altar_1, uniq_natasha
D:3:      lemuel_crystal_altar, gammafunk_temple_overflow_forgotten, first_bread

Action                   |  1- 3 |  4- 6 || total
-------------------------+-------+-------++-------
Melee: War axe           |    92 |    58 ||   150
  Use: Potion            |       |     4 ||     4
  Eat: Chunk             |       |     2 ||     2
